 Dungeon Crawl Stone Soup version 0.29.0 (webtiles) character file.

Game seed: 968442690860834994

25 Orban the Trooper (level 2, -2/24 HPs)
             Began as a Demonspawn Berserker on Sept 1, 2022.
             Was a Follower of Trog.
             Slain by a worm (9 damage)
             ... on level 2 of the Dungeon.
             The game lasted 00:01:49 (1660 turns).

Orban the Trooper (Demonspawn Berserker)            Turns: 1660, Time: 00:01:49

Health: -2/24      AC:  2    Str: 17    XL:     2   Next: 82%
Magic:  2/2        EV: 12    Int:  8    God:    Trog [*.....]
Gold:   24         SH:  4    Dex: 12    Spells: 1/1 levels left

rFire   . . .      SeeInvis .   f - +1 short sword (venom)
rCold   . . .      Faith    .   (no shield)
rNeg    . . .      Spirit   .   b - +0 animal skin
rPois   .          Reflect  .   (no helmet)
rElec   .          Harm     .   (no cloak)
rCorr   .          Rampage  .   (no gloves)
Will    .....                   (no boots)
Stlth   +.........              (no amulet)
HPRegen 0.08/turn               (no ring)
MPRegen 0.08/turn               (no ring)

@: on berserk cooldown, slowed, very slow
A: large bone plates 1
a: Renounce Religion, Berserk


You were on level 2 of the Dungeon.
You worshipped Trog.
Trog was aware of your devotion.
You visited 1 branch of the dungeon, and saw 2 of its levels.

You collected 24 gold pieces.

Inventory:

Hand Weapons
 a - a +0 mace
 f - a +1 short sword of venom (weapon)
Armour
 b - a +0 animal skin (worn)
Scrolls
 d - a scroll of brand weapon {unknown}
 e - a scroll of enchant armour {unknown}
Potions
 c - a potion of might


   Skills:
 + Level 3.4 Fighting
 + Level 3.1 Maces & Flails
 + Level 1.9 Armour
 + Level 1.9 Dodging
 + Level 0.5 Stealth


You had one spell level left.
You didn't know any spells.
Your spell library was empty.

Dungeon Overview and Level Annotations

Branches:
Dungeon (2/15)

Altars:


Innate Abilities, Weirdness & Mutations

You are partially covered in large bone plates. (SH +4)


Message History

The endoplasm hits you.
You barely miss the endoplasm.
The endoplasm is heavily wounded.
The frilled lizard bites you. The endoplasm freezes you.
You are frozen.
You are too injured to fight recklessly!
You are too injured to fight recklessly!
You are too injured to fight recklessly!
You are too injured to fight recklessly!
A red film seems to cover your vision as you go berserk!
You feel yourself moving faster!
You feel mighty! The frilled lizard closely misses you.
The endoplasm freezes you.
You are frozen.
You hit the endoplasm.
You kill the endoplasm!
Trog accepts your kill. The frilled lizard bites you.
A worm comes into view.
You enter the shallow water.
Moving in this stuff is going to be slow.
You feel a strong urge to attack something.
The frilled lizard bites you.
* * * LOW HITPOINT WARNING * * *
The frilled lizard attacks as you move away!
The frilled lizard barely misses you.
You closely miss the frilled lizard. The frilled lizard closely misses you.
You closely miss the frilled lizard. You puncture the frilled lizard!
You kill the frilled lizard!
Trog accepts your kill.
You enter the shallow water.
Moving in this stuff is going to be slow.
You are no longer berserk.
You are exhausted.
You feel yourself slow down. The worm barely misses you.
You hit the worm but do no damage.
The worm is poisoned.
The worm bites you!
You die...

.~~..........#
~....~~......#
~..~~..~.....#
.~~....~.....#.<#
....⌠~~......#..#
...~~⌠.......#..#.#
..~....~~....#..#.# #.
..~..~w@.~...#..#.#.# #.
...~~....~...#..#.#.# #.
.......~~....#..#.#.# #.
......~~.....#..#.#.#.#.
##~~~~~~###.....#.#.#.#.
##~~~~## ##..#.......#)
##### #..###.#.###.
#.....)......
#.####.#.###.


You could see a worm (very poisoned).

Vanquished Creatures
  A dart slug (D:1)
  4 endoplasms
  A goblin (D:2)
  A hobgoblin (D:2)
  4 jackals (D:1)
  2 ball pythons (D:1)
  3 frilled lizards
  4 kobolds
  2 rats
  A bush (D:1)
23 creatures vanquished.

Vanquished Creatures (others)
  A plant (D:1)
1 creature vanquished.

Grand Total: 24 creatures vanquished

Notes
Turn   | Place    | Note
-------+----------+-------------------------------------------
     0 | D:1      | Orban the Demonspawn Berserker began the quest for the Orb.
     0 | D:1      | Reached XP level 1. HP: 18/18 MP: 1/1
   495 | D:1      | Gained mutation: You are partially covered in large bone
                  | plates. (SH +4) [demonic ancestry]
   495 | D:1      | Reached XP level 2. HP: 22/24 MP: 2/2
  1660 | D:2      | Slain by a worm

Illustrated notes

Levels and vault maps discovered:
D:1:      psy_arrival_basics, layout_basic, serial_forest,
          infiniplex_forest_zigzag_2, infiniplex_forest_end_2,
          infiniplex_forest_end_2, infiniplex_forest_end_2,
          infiniplex_forest_split, infiniplex_forest_straight_2,
          infiniplex_forest_clump_curved, infiniplex_forest_lined_3,
          minmay_misc_feat_tiny
D:2:      cheibrodos_helix_gallery, layout_basic, uniq_jessica, uniq_natasha

Skill      XL: |  1  2 |
---------------+-------+-----
Maces & Flails | 3 |  3.1
Fighting       | |  3.4
Armour         | |  1.9
Dodging        | |  1.9
Stealth        | |  0.5

Action                   || total
-------------------------++-------
Melee: Mace              ||    41
       Punch             ||     4
       Short sword       ||    67
Invok: Berserk           ||     2
  Use: Potion            ||     4
 Stab: Sleeping          ||     1
Armor: Animal skin       ||    16
Dodge: Dodged            ||    61
Block: Other             ||     7
